 Dungeon Crawl Stone Soup version 0.18.1-5-g4a78601 (webtiles) character file.

148 mopl the Cudgeler (level 4, 0/36 HPs)
             Began as a Demigod Skald on May 14, 2016.
             Slain by a gnoll
             ... wielding a +0 club
              (8 damage)
             ... on level 3 of the Dungeon.
             The game lasted 00:05:49 (3929 turns).

mopl the Cudgeler (Demigod Skald)                   Turns: 3929, Time: 00:05:49

Health: 0/36       AC:  4    Str: 15    XL:     4   Next: 82%
Magic:  1/9        EV: 11    Int: 16    God:
Gold:   109        SH:  0    Dex: 17    Spells: 3 memorised, 0 levels left

rFire  . . .     SeeInvis .     a - +6 club
rCold  . . .     Gourm    .     b - +0 leather armour
rNeg   . . .     Faith    .     (no shield)
rPois  .         Spirit   .     n - +0 helmet
rElec  .         Dismiss  .     (no cloak)
rCorr  .         Reflect  .     (no gloves)
SustAt +         Harm     .     (no boots)
MR     .....                    (no amulet)
Stlth  +.........               (no ring)
                                (no ring)

@: infused, very slightly contaminated, not resistant to hostile enchantments,
very unstealthy
A: high mp 1, sustain attributes
a: no special abilities


You were on level 3 of the Dungeon.
You were not hungry.

You visited 1 branch of the dungeon, and saw 3 of its levels.

You collected 109 gold pieces.

Inventory:

Hand Weapons
 a - a +6 club (weapon)
 m - a +0 mace
Missiles
 e - 16 poisoned needles
Armour
 b - a +0 leather armour (worn)
 n - a +0 helmet (worn)
Scrolls
 h - 4 scrolls of teleportation
 j - a scroll of immolation {unknown}
 p - a scroll of remove curse
 r - a scroll of fog {unknown}
Potions
 f - a potion of flight
 g - 2 potions of curing
 k - a potion of lignification {!q}
 l - a potion of haste {unknown}
 q - a potion of magic {unknown}
Books
 c - a book of Battle

   Spells                             Type                      Level
   a - Infusion                       Charms                       1
   b - Shroud of Golubria             Charms/Translocation         2
   c - Song of Slaying                Charms                       2
   d - Spectral Weapon                Hexes/Charms                 3
   e - Regeneration                   Charms/Necromancy            3
Comestibles
 d - 2 bread rations
 i - 3 meat rations


   Skills:
 - Level 1.7 Fighting
 + Level 4.8 Maces & Flails
 - Level 0.8 Armour
 - Level 0.8 Dodging
 - Level 1.7 Spellcasting
 - Level 2.6 Charms


You couldn't memorise any spells.
You knew the following spells:

 Your Spells              Type           Power        Failure   Level  Hunger
a - Infusion              Chrm           ##..         10%         1    ##.....
f - Shroud of Golubria    Chrm/Tloc      #.........   24%         2    ###....
r - Regeneration          Chrm/Necr      #.........   52%         3    ####...


Dungeon Overview and Level Annotations

Branches:
Dungeon (3/15)

Annotations:
D:2 Sigmund


Innate Abilities, Weirdness & Mutations

You have an increased reservoir of magic (+10% MP).
Your attributes are resistant to harm.


Message History

The gnoll is severely wounded.
The gnoll hits you but does no damage.
You barely miss the gnoll.
The gnoll is severely wounded.
You completely miss the gnoll.
The gnoll is severely wounded.
The gnoll hits you with a flail!
You hit the gnoll.
You kill the gnoll!
You hit the gnoll!
The gnoll is severely wounded.
The gnoll hits you but does no damage.
You hit the gnoll.
The gnoll is severely wounded.
The gnoll hits you with a club!
* * * LOW HITPOINT WARNING * * *
You closely miss the gnoll.
The gnoll is severely wounded.
The gnoll hits you with a club!
You die...

#......>.#...(...#.......#.
#.###....##.....###.....###
#.# #.....##...## ##...## #
#.# #......#############
#.# #....(...<......### #.#
#......#.....#....### #<#
#..###g#.###.##.....## #.#
#..# #g#.# #.........# #.#
#..# #@#.###.####.#..#
#.###..###.#.....# #.#..##
#..............### #......
#####.########## ###..##
#.# #.... #.. ########.###
#### .........# ##########


You could see 2 gnolls.

Vanquished Creatures
  Robin (D:2)
  A gnoll (D:3)
  2 adders (D:2)
  2 worms (D:2)
  2 dart slugs
  2 giant geckos (D:1)
  2 orcs (D:3)
  2 ball pythons
  11 bats
  3 giant cockroaches
  10 goblins
  17 hobgoblins
  10 jackals
  6 giant newts
  6 kobolds
  10 rats
87 creatures vanquished.

Notes
Turn   | Place    | Note
--------------------------------------------------------------
     0 | D:1      | mopl the Demigod Skald began the quest for the Orb.
     0 | D:1      | Reached XP level 1. HP: 17/17 MP: 5/5
    26 | D:1      | Reached skill level 2 in Maces & Flails
   405 | D:1      | Reached XP level 2. HP: 23/24 MP: 7/7
   464 | D:1      | Learned a level 2 spell: Shroud of Golubria
   721 | D:1      | Reached skill level 3 in Maces & Flails
  1269 | D:1      | Reached XP level 3. HP: 18/29 MP: 8/8
  2125 | D:2      | Reached skill level 4 in Maces & Flails
  2244 | D:2      | HP: 1/29 [worm (8)]
  2588 | D:2      | Reached XP level 4. HP: 15/36 MP: 9/9
  2870 | D:2      | Noticed Robin
  3129 | D:2      | Killed Robin
  3172 | D:2      | Found a blossoming altar of Fedhas.
  3219 | D:2      | Noticed Sigmund
  3570 | D:3      | Learned a level 3 spell: Regeneration
  3929 | D:3      | Slain by a gnoll

Skill      XL: |  1  2  3 |
---------------+----------+-----
Maces & Flails | 2 3 4 |  4.8
Fighting       | |  1.7
Armour         | |  0.8
Dodging        | |  0.8
Spellcasting   | |  1.7
Charms         | |  2.6

Action                   |  1- 3 |  4- 6 || total
-------------------------+-------+-------++-------
Melee: Mace              |   180 |    81 ||   261
       Club              |       |    39 ||    39
 Cast: Shroud of Golubri |     6 |     2 ||     8
       Infusion          |     2 |     3 ||     5
  Use: Scroll            |       |     5 ||     5
 Stab: Distracted        |     1 |       ||     1
       Sleeping          |       |     1 ||     1
  Eat: Chunk             |     6 |     5 ||    11
Armor: Leather armour    |    61 |    22 ||    83
Dodge: Dodged            |   159 |    94 ||   253
